Unix NetHack Version 3.7.0-88 Work-in-progress - last build Aug 6 2023 13:40:22 (5c9c4c7fffe0d5f0a8b1342c2a36a56ed743986a,branch:master). Game began 2023-08-15 08:25:44, ended 2023-08-15 08:34:48. puncake, chaotic male orcish Rogue ----------|- |...{....... #...........| ###|..........| # |..........| ---.---- #### |..........| |......+ # |........... |....@.| # ------------ .....j.-#### -------- Puncake the Cutpurse St:13 Dx:18 Co:14 In:10 Wi:13 Ch:8 Chaotic S:676 Dlvl:7 $:82 HP:0(27) Pw:9(9) AC:7 Xp:3/71 T:2040 Latest messages: You swap places with Cheems. A trap door opens up under you! $ - 10 gold pieces (69 in total). The ghoul hits! The ghoul hits again! You hit the ghoul. The ghoul hits! You avoid harm. The ghoul hits again! You hit the ghoul. The ghoul hits! You are frozen by the ghoul! The ghoul hits again! You can move again. You hit the ghoul. The ghoul hits! The ghoul hits again! In what direction? You throw 2 orcish daggers. The 1st orcish dagger hits the ghoul. The 2nd orcish dagger hits the ghoul. In what direction? You throw 2 orcish daggers. The 1st orcish dagger hits the ghoul. The 2nd orcish dagger hits the ghoul. You destroy the ghoul! B - 4 uncursed +0 orcish daggers (at the ready) (5 in total). You find a hidden door. The door resists! The door opens. In what direction? The orcish dagger hits the blue jelly. In what direction? The orcish dagger hits the blue jelly. In what direction? You throw 2 orcish daggers. The 1st orcish dagger hits the blue jelly. The 2nd orcish dagger hits the blue jelly. In what direction? The orcish dagger hits the blue jelly. You ready: p - 2 corroded orcish daggers. In what direction? The orcish dagger hits the blue jelly. In what direction? The orcish dagger hits the blue jelly. $ - 13 gold pieces (82 in total). You hit the blue jelly. You are suddenly very cold! You die... Do you want to see the dungeon overview? q Inventory: Coins $ - 82 gold pieces Weapons b - an uncursed +0 orcish dagger (weapon in hand) t - the uncursed +0 Sting a - an uncursed +0 orcish short sword (alternate weapon; not wielded) Armor c - an uncursed +1 leather armor (being worn) Comestibles A - an uncursed carrot l - 5 uncursed food rations i - an uncursed tripe ration o - an uncursed lichen corpse Scrolls m - 2 uncursed scrolls of confuse monster k - a blessed scroll of identify u - an uncursed scroll of identify Spellbooks C - an uncursed spellbook of detect monsters Rings w - a blessed +2 ring of increase accuracy q - a blessed +1 ring of increase accuracy s - an uncursed ring of stealth Wands y - an uncursed wand of slow monster (0:3) Tools f - an empty uncursed sack g - an uncursed blindfold e - an uncursed lock pick v - an uncursed magic marker (0:67) z - an uncursed stethoscope Puncake the Rogue's attributes: Background: You were a Cutpurse, a level 3 male orcish Rogue. You were chaotic, on a mission for Kos who was opposed by Issek (lawful) and Mog (neutral). You were in the Dungeons of Doom, on level 7. You entered the dungeon 2040 turns ago. There was a new moon in effect when your adventure ended. You had 71 experience points, 9 more were needed to attain level 4. Your score was 676 before end-of-game adjustments. Basics: You had 0 out of 27 hit points. You had all 9 energy points (spell power). Your armor class was 7. Your wallet contained 82 zorkmids. Autopickup was on for '%$?!/="+' plus thrown, with exceptions. Final Characteristics: Your strength was 13 (limit:18/50). Your dexterity was 18 (limit:18). Your constitution was 14 (peak:15, limit:18). Your intelligence was 10 (limit:16). Your wisdom was 13 (limit:16). Your charisma was 8 (limit:16). Final Status: You were not hungry. You were unencumbered. You were wielding a dagger. You had basic skill with dagger. Final Attributes: You were devoutly aligned. You were poison resistant. You had infravision. You were stealthy. You were warded. You are dead. Miscellaneous: You never encountered a bones level. Total elapsed playing time was 9 minutes and 3 seconds. Major events: Turn 1: puncake the chaotic male orcish Rogue entered the dungeon 876: became literate by naming Sting 1411: entered the Gnomish Mines 1586: attained the rank of Cutpurse (level 3) 2040: killed by a blue jelly Vanquished creatures: a ghoul 2 orc zombies a dwarf zombie 2 iguanas a hobbit 2 giant rats a cave spider 3 jackals 2 kobolds 3 goblins a grid bug 3 lichens a kobold zombie 3 newts 26 creatures vanquished. No species were genocided or became extinct. Voluntary challenges: You read items or engraved 2 times. You engraved Elbereth 1 time. You never genocided any monsters. You never polymorphed an object. You never changed form. You used no wishes. Achievements: You entered the Gnomish Mines. You attained the rank of Cutpurse. The Dungeons of Doom: levels 1 to 7 Level 1: A fountain. Level 2: An altar, a fountain. Level 3: Some fountains. Level 4: Stairs down to The Gnomish Mines. Level 5: Some fountains. Level 6: A fountain. Level 7: <- You were here. A fountain. Final resting place for you, killed by a blue jelly. The Gnomish Mines: Level 5: Game over: ---------- / \ / REST \ / IN \ / PEACE \ / \ | puncake | | 82 Au | | killed by a blue | | jelly | | | | | | 2023 | *| * * * | * _________)/\\_//(\/(/\)/\//\/|_)_______ Goodbye puncake the Rogue... You died in The Dungeons of Doom on dungeon level 7 with 668 points, and 82 pieces of gold, after 2040 moves. You were level 3 with a maximum of 27 hit points when you died.